 Dungeon Crawl Stone Soup version 0.31-a0-233-g139696dc86 (webtiles) character file.

Game seed: 5584057671362724322

12261 qw the Skirmisher (level 11, -2/72 HPs)
             Began as a Gargoyle Hexslinger on July 7, 2023.
             Slain by a shadow wraith (18 damage)
             ... on level 1 of the Abyss.
             The game lasted 00:04:28 (9388 turns).

qw the Skirmisher (Gargoyle Hexslinger)             Turns: 9388, Time: 00:04:28

Health: -2/72      AC: 18    Str: 11    XL:     11   Next: 90%
Magic:  12/12      EV: 17    Int: 15    God:
Gold:   545        SH:  0    Dex: 26    Spells: 11/12 levels left

rFire   . . .        f - +2 orcbow (freeze)
rCold   + + .        (shield currently unavailable)
rNeg    + + .        m - +1 robe {rC+}
rPois   inf          (helmet restricted)
rElec   +            q - +2 cloak
rCorr   +            k - +3 pair of gloves of the Dice {rC+ rN+ Dex+4}
SInv    .            (no boots)
Will    .....        n - amulet of faith
Stlth   ++           i - +6 ring of dexterity
HPRegen 0.32/turn    c - ring of resist corrosion
MPRegen 0.13/turn

%: faith
@: slowed, very slow
A: sickness immunity, AC +8, negative energy resistance 1, electricity
resistance, torment resistance 1, petrification resistance, antennae 1
a: no special abilities


You were on level 1 of the Abyss.
You visited 2 branches of the dungeon, and saw 12 of its levels.
You visited the Abyss 2 times.

You collected 635 gold pieces.
You spent 90 gold pieces at shops.


Innate Abilities, Weirdness & Mutations

You are immune to sickness and miasma.
Your stone body is resilient. (AC +8)
You are immune to poison.
You resist negative energy. (rN+)
You are resistant to electric shocks. (rElec)
You are resistant to unholy torment.
You are immune to petrification.
You have a pair of small antennae on your head.


   Skills:
 - Level 10.1 Fighting
 + Level 14.2 Ranged Weapons
 - Level 4.3 Armour
 - Level 6.0 Dodging
 - Level 1.0 Spellcasting
 - Level 2.6 Hexes


You had 11 spell levels left.
You knew the following spells:

 Your Spells              Type           Power      Damage    Failure   Level
a - Slow                  Hex            32%        N/A       9%          1

Your spell library contained the following spells:

 Spells                   Type           Power      Damage    Failure   Level
 Inner Flame              Hex/Fire       4%         N/A       38%         3
 Portal Projectile        Hex/Tloc       8%         N/A       38%         3
 Cause Fear               Hex            4%         N/A       63%         4

Inventory:

Hand Weapons
 f - a +2 orcbow of freezing (weapon)
Armour
 a - a +0 ring mail
 k - the +3 pair of gloves of the Dice (worn) {rC+ rN+ Dex+4}
   (You found it on level 6 of the Dungeon)

   Dex:       It affects your dexterity (+4).
   rC:        It protects you from cold.
   rN:        It protects you from negative energy.
 m - a +1 robe of cold resistance (worn)
 q - a +2 cloak (worn)
Jewellery
 c - a ring of resist corrosion (right hand)
 i - a +6 ring of dexterity (left hand)
 n - an amulet of faith (around neck)
Scrolls
 b - a scroll of identify
 j - a scroll of teleportation
 o - a scroll of enchant armour
 p - a scroll of enchant weapon {unknown}
Potions
 d - 4 potions of might
 e - a potion of mutation
 g - 7 potions of curing
 h - a potion of cancellation
 l - a potion of resistance {unknown}

Dungeon Overview and Level Annotations

Branches:
Dungeon (10/15)            Temple (1/1) D:5            Lair (0/5) D:9
    Orc: D:9-12

Altars:
Ashenzari
Cheibriados
Dithmenos
Elyvilon
Fedhas
Gozag
Hepliaklqana
Kikubaaqudgha
Makhleb
Nemelex Xobeh
Okawaru
Qazlal
Ru
Sif Muna
Trog
Uskayaw
Vehumet
Wu Jian
Xom
Yredelemnul
Zin
The Shining One

Annotations:
D:10 exclusion: orc
D:13 Erolcha


Message History

The arrow freezes the orange demon.
The orange demon is lightly wounded.
The orange demon completely misses you. The orange demon closely misses you.
You shoot an arrow. The arrow hits the orange demon!
The arrow freezes the orange demon.
The orange demon is heavily wounded.
You shoot an arrow. The arrow hits the orange demon!!
The arrow freezes the orange demon!
You kill the orange demon!
You start resting.
You hear a chilling moan.
There is a strange disturbance nearby!
9377 ||| Stepping randomly (disturbance).
Found a gateway leading deeper into the Abyss.
9378 ||| Stepping randomly (disturbance).
9379 ||| Stepping randomly (disturbance).
9380 ||| Stepping randomly (disturbance).
Something hits you! Something drains your vigour!
You feel yourself slow down.
Deactivating autopickup; reactivate with Ctrl-A.
You shoot an arrow. Something barely misses you.
You shoot an arrow. Something closely misses you. Something hits you!
Something drains your vigour!
You feel as though you will be slow longer.
You shoot an arrow. Something hits you! Something drains your vigour!
You feel as though you will be slow longer.
You shoot an arrow. Something hits you!
You shoot an arrow. Something hits you but does no damage.
You shoot an arrow. Something hits you but does no damage.
You shoot an arrow. Something hits you. Something drains your vigour!
You feel as though you will be slow longer.
Something hits you but does no damage.
You shoot an arrow. Something hits you!!
You die...

##. .. ..# .
..# .# ...## .
## . ..# .# .
.>.#.#.##.# ##
##...#.#..##...
### #..@# ..###
#.....{##.. ...
..##.###...#
........ ##
#...#.#.### ##
#. #.# .#...
.#...#. .....#
#


There were no monsters in sight!

Vanquished Creatures
  2 two-headed ogres
  An orange demon (Abyss:1)
  A rime drake (shapeshifter) (D:13)
  An ancient zyme (Abyss:1)
  5 blink frogs (Abyss:1)
  7 raiju (Abyss:1)
  2 small abominations (Abyss:1)
  A wraith (D:10)
  A shadow (D:9)
  2 hogs (D:13)
  10 yaks (D:9)
  A wyvern (D:9)
  A large abomination (Abyss:1)
  A chaos spawn (Abyss:1)
  A steam dragon (D:10)
  2 vampire mosquitoes (D:13)
  Menkaure (D:6)
  4 water moccasins
  2 orc warriors
  3 black bears
  2 sky beasts
  9 ogres
  3 centaurs
  2 phantoms (D:6)
  8 bullfrogs
  4 kobold brigands
  4 scorpions
  10 wights
  4 killer bees (D:9)
  2 electric eels (D:10)
  A crimson imp (D:7)
  2 quasits (Abyss:1)
  6 orc priests
  A gnoll bouda (D:7)
  A hound (D:6)
  4 iguanas
  2 sleepcaps (D:6)
  4 orc wizards
  5 gnolls (D:7)
  8 adders
  3 shadow imps
  4 white imps
  5 ufetubi
  4 dart slugs
  27 orcs
  10 endoplasms
  A giant cockroach (D:1)
  15 goblins
  12 hobgoblins
  4 jackals (D:1)
  31 kobolds
  4 quokkas
  7 ball pythons
  8 bats
  3 frilled lizards
  3 rats
272 creatures vanquished.

Notes
Turn   | Place    | Note
-------+----------+-------------------------------------------
     0 | D:1      | qw the Gargoyle Hexslinger began the quest for the Orb.
     0 | D:1      | Reached XP level 1. HP: 12/12 MP: 2/2
     0 | D:1      | 0 ||| qw: Version: 0.3-a-46-gb1f654a
     0 | D:1      | 0 ||| qw: Game counter: 3068
     0 | D:1      | 0 ||| qw: Melee chars always use a shield: true
     0 | D:1      | 0 ||| qw: God list: Okawaru
     0 | D:1      | 0 ||| qw: Allow faded altars: false
     0 | D:1      | 0 ||| qw: Do Orc after clearing Dungeon:15 true
     0 | D:1      | 0 ||| qw: Do second Lair branch before Depths: true
     0 | D:1      | 0 ||| qw: Lair rune preference: random
     0 | D:1      | 0 ||| qw: Goals: Normal
     0 | D:1      | 0 ||| PLANNING D:1-11
    89 | D:1      | Reached XP level 2. HP: 16/16 MP: 3/3
   276 | D:1      | Reached skill level 3 in Ranged Weapons
   511 | D:1      | 511 ||| FLEEEEING.
   516 | D:1      | 516 ||| FLEEEEING.
   517 | D:1      | 517 ||| FLEEEEING.
   518 | D:1      | 518 ||| FLEEEEING.
   522 | D:1      | 522 ||| FLEEEEING.
   524 | D:1      | Reached XP level 3. HP: 20/21 MP: 4/4
   818 | D:1      | 818 ||| UPGRADING to +0 leather armour.
   828 | D:1      | 828 ||| DROPPING +0 robe.
   829 | D:1      | 829 ||| UPGRADING to +6 ring of dexterity.
   830 | D:1      | 830 ||| READING scroll labelled FUDUAL JEBO.
   831 | D:1      | 831 ||| READING scroll labelled ZENAIMYONA.
   832 | D:1      | 832 ||| READING scroll labelled WOLOVIKKYM.
   933 | D:1      | 933 ||| DROPPING scroll of poison.
  1304 | D:2      | Reached skill level 4 in Ranged Weapons
  1304 | D:2      | Reached XP level 4. HP: 26/26 MP: 5/5
  1329 | D:2      | 1329 ||| UPGRADING to +1 helmet.
  1334 | D:2      | 1334 ||| READING scroll labelled XYKAAN HIRE.
  1335 | D:2      | 1335 ||| READING scroll labelled VEUKUSA DUANGU.
  1336 | D:2      | 1336 ||| READING scroll labelled ETOMUE QENESCHUCS.
  1337 | D:2      | 1337 ||| DRINKING 3 red potions.
  1454 | D:3      | Found a hazy altar of Hepliaklqana.
  1459 | D:3      | Found a shadowy altar of Dithmenos.
  1459 | D:3      | Found a broken altar of Ashenzari.
  1475 | D:3      | Found a bloodstained altar of Trog.
  1478 | D:3      | Found a sacrificial altar of Ru.
  1677 | D:3      | Found a faded altar of an unknown god.
  1741 | D:3      | 1741 ||| READING scroll labelled DOC FOXITISTROA.
  1742 | D:3      | 1742 ||| READING 3 scrolls of identify.
  1742 | D:3      | 1742 ||| IDENTIFYING purple potion
  1743 | D:3      | 1743 ||| DROPPING potion of lignification.
  1796 | D:4      | Noticed a scorpion
  1804 | D:4      | Killed a scorpion
  1805 | D:4      | Reached skill level 5 in Ranged Weapons
  1805 | D:4      | Reached XP level 5. HP: 29/30 MP: 6/6
  1884 | D:4      | Reached skill level 3 in Fighting
  1884 | D:4      | Reached XP level 6. HP: 26/37 MP: 7/7
  1976 | D:4      | Found an ornate altar of the Wu Jian Council.
  1989 | D:4      | 1989 ||| Stepping ~*~*~tactically~*~*~ (outnumbered).
  1991 | D:4      | 1991 ||| Stepping ~*~*~tactically~*~*~ (outnumbered).
  2219 | D:4      | Found a blossoming altar of Fedhas.
  2613 | D:4      | 2613 ||| FLEEEEING.
  2614 | D:4      | 2614 ||| FLEEEEING.
  2615 | D:4      | 2615 ||| FLEEEEING.
  2616 | D:4      | 2616 ||| FLEEEEING.
  2617 | D:4      | 2617 ||| FLEEEEING.
  2618 | D:4      | 2618 ||| FLEEEEING.
  2625 | D:4      | 2625 ||| FLEEEEING.
  2626 | D:4      | 2626 ||| FLEEEEING.
  2627 | D:4      | 2627 ||| FLEEEEING.
  2628 | D:4      | 2628 ||| FLEEEEING.
  2629 | D:4      | 2629 ||| FLEEEEING.
  2630 | D:4      | 2630 ||| FLEEEEING.
  2631 | D:4      | 2631 ||| FLEEEEING.
  2632 | D:4      | 2632 ||| FLEEEEING.
  2634 | D:4      | 2634 ||| FLEEEEING.
  2635 | D:4      | 2635 ||| FLEEEEING.
  2636 | D:4      | 2636 ||| FLEEEEING.
  2702 | D:4      | 2702 ||| UPGRADING to +0 ring mail.
  2712 | D:4      | 2712 ||| DROPPING +0 leather armour.
  2713 | D:4      | 2713 ||| UPGRADING to +2 pair of gloves.
  2718 | D:4      | 2718 ||| UPGRADING to ring of resist corrosion.
  2719 | D:4      | 2719 ||| READING scroll labelled XOELIUWN QOLYTOGIP.
  2720 | D:4      | 2720 ||| READING scroll labelled VIATIPTU CODGH.
  2753 | D:5      | Entered Level 5 of the Dungeon
  2792 | D:5      | Found a staircase to the Ecumenical Temple.
  2793 | D:5      | 2793 ||| PLANNING TEMPLE
  2801 | Temple   | Entered the Ecumenical Temple
  2941 | Temple   | 2941 ||| PLANNING D:1-11
  3030 | D:5      | Found Zin's Purification Station.
  3035 | D:5      | Found a glowing silver altar of Zin.
  3038 | D:5      | 3038 ||| BUYING potion of curing (90 gold).
  3038 | D:5      | Bought a potion of curing for 90 gold pieces
  3096 | D:5      | Reached skill level 1 in Armour
  3125 | D:5      | Reached skill level 6 in Ranged Weapons
  3145 | D:5      | Reached XP level 7. HP: 22/43 MP: 8/8
  3306 | D:5      | 3306 ||| Stepping ~*~*~tactically~*~*~ (outnumbered).
  3308 | D:5      | 3308 ||| Stepping ~*~*~tactically~*~*~ (outnumbered).
  3313 | D:5      | 3313 ||| Stepping ~*~*~tactically~*~*~ (outnumbered).
  3329 | D:5      | Reached skill level 7 in Ranged Weapons
  3336 | D:5      | HP: 7/43 [ogre/+0 giant club (18)]
  3338 | D:5      | HP: 1/43 [kobold/+2 whip of venom (6)]
  3727 | D:5      | 3727 ||| READING 2 scrolls of identify.
  3727 | D:5      | 3727 ||| IDENTIFYING clear potion
  3746 | D:5      | HP: 7/43 [ogre/+0 giant club (26)]
  4110 | D:5      | Found an iron altar of Okawaru.
  4183 | D:6      | 4183 ||| STAIRDANCE
  4216 | D:6      | Reached XP level 8. HP: 48/48 MP: 9/9
  4229 | D:6      | Identified the +2 sling "Vamusch" {antimagic, rN+ Str+3
                  | Dex+2}
  4231 | D:6      | 4231 ||| SWAPPING to +2 sling "Vamusch" {antimagic, rN+
                  | Str+3 Dex+2}.
  4232 | D:6      | 4232 ||| DROPPING +1 sling of flaming.
  4237 | D:6      | Found an opulent altar of Gozag.
  4256 | D:6      | 4256 ||| STAIRDANCE
  4302 | D:6      | Reached skill level 8 in Ranged Weapons
  4347 | D:6      | Identified the +3 pair of gloves of the Dice {rC+ rN+
                  | Dex+4}
  4739 | D:6      | Reached skill level 9 in Ranged Weapons
  4929 | D:6      | Reached skill level 6 in Fighting
  4997 | D:6      | Noticed Menkaure
  5010 | D:6      | Killed Menkaure
  5011 | D:6      | Reached skill level 3 in Dodging
  5011 | D:6      | Reached XP level 9. HP: 45/55 MP: 3/10
  5050 | D:6      | 5050 ||| UPGRADING to +3 pair of gloves of the Dice {rC+
                  | rN+ Dex+4}.
  5060 | D:6      | 5060 ||| DROPPING +2 pair of gloves.
  5061 | D:6      | 5061 ||| UPGRADING to amulet of faith.
  5066 | D:6      | 5066 ||| READING scroll labelled YXAEN KAITO.
  5067 | D:6      | 5067 ||| READING scroll labelled UFYANOSINN.
  5130 | D:7      | HP: 12/55 [orc priest/divine providence (12)]
  5316 | D:7      | 5316 ||| Stepping ~*~*~tactically~*~*~ (outnumbered).
  5318 | D:7      | 5318 ||| Stepping ~*~*~tactically~*~*~ (outnumbered).
  5867 | D:7      | Reached skill level 10 in Ranged Weapons
  5871 | D:7      | Reached skill level 3 in Armour
  5928 | D:7      | 5928 ||| READING 2 scrolls of enchant armour.
  5928 | D:7      | 5928 ||| ENCHANTING +1 helmet.
  6091 | D:7      | Found a burning altar of Makhleb.
  6105 | D:7      | 6105 ||| READING scroll labelled ANOESTR MEREPP.
  6110 | D:7      | 6110 ||| DRINKING 2 fizzy sapphire potions.
  6111 | D:7      | 6111 ||| DROPPING potion of attraction.
  6298 | D:8      | Found a glowing golden altar of the Shining One.
  6438 | D:8      | Noticed a two-headed ogre
  6453 | D:8      | Killed a two-headed ogre
  6778 | D:8      | 6778 ||| SWAPPING to +0 orcbow.
  6779 | D:8      | 6779 ||| DROPPING +2 sling "Vamusch" {antimagic, rN+ Str+3
                  | Dex+2}.
  6837 | D:8      | 6837 ||| UPGRADING to +0 cloak.
  6842 | D:8      | 6842 ||| READING scroll of enchant armour.
  6842 | D:8      | 6842 ||| ENCHANTING +0 cloak.
  6843 | D:8      | 6843 ||| READING scroll labelled XUEQUA LUZISIU.
  6844 | D:8      | 6844 ||| DRINKING 2 coppery potions.
  6844 | D:8      | Gained mutation: You have a pair of small antennae on your
                  | head. [potion of mutation]
  6845 | D:8      | 6845 ||| DROPPING +2 helmet.
  6896 | D:9      | Reached XP level 10. HP: 60/63 MP: 11/11
  6909 | D:9      | 6909 ||| READING scroll of enchant armour.
  6909 | D:9      | 6909 ||| ENCHANTING +1 cloak.
  6971 | D:9      | HP: 14/63 [killer bee (3)]
  6972 | D:9      | 6972 ||| READING scroll of teleportation.
  6979 | D:9      | Reached skill level 11 in Ranged Weapons
  7355 | D:9      | Found an ancient bone altar of Kikubaaqudgha.
  7648 | D:9      | Reached skill level 12 in Ranged Weapons
  7730 | D:9      | HP: 4/64 [something (19)]
  7731 | D:9      | 7731 ||| READING 2 scrolls of teleportation.
  8045 | D:9      | 8045 ||| DRINKING 8 potions of curing.
  8045 | D:9      | 8045 ||| (to cure confusion)
  8170 | D:9      | 8170 ||| SWAPPING to +0 arbalest.
  8171 | D:9      | 8171 ||| DROPPING +0 orcbow.
  8183 | D:9      | Found a staircase to the Lair.
  8272 | D:9      | 8272 ||| UPGRADING to +1 robe of cold resistance.
  8282 | D:9      | 8282 ||| READING scroll labelled QUMYCZ YMOKKOJ.
  8322 | D:9      | 8322 ||| READING 2 scrolls of identify.
  8322 | D:9      | 8322 ||| IDENTIFYING pink potion
  8350 | D:10     | Entered Level 10 of the Dungeon
  8371 | D:10     | 8371 ||| FLEEEEING.
  8372 | D:10     | 8372 ||| FLEEEEING.
  8373 | D:10     | 8373 ||| FLEEEEING.
  8425 | D:10     | Reached XP level 11. HP: 66/68 MP: 12/12
  8426 | D:10     | 8426 ||| FLEEEEING.
  8427 | D:10     | 8427 ||| FLEEEEING.
  8517 | D:10     | Reached skill level 13 in Ranged Weapons
  8598 | D:10     | 8598 ||| SWAPPING to +2 orcbow of flaming.
  8599 | D:10     | 8599 ||| DROPPING +0 arbalest.
  8645 | D:10     | Noticed a two-headed ogre
  8650 | D:10     | Killed a two-headed ogre
  8716 | D:10     | Reached skill level 9 in Fighting
  8790 | D:10     | Found a white marble altar of Elyvilon.
  8841 | D:10     | You fall into a shaft and drop 3 floors!
  8847 | D:13     | 8847 ||| READING scroll of brand weapon.
  8847 | D:13     | 8847 ||| BRANDING +2 orcbow of flaming.
  8896 | D:13     | Noticed Erolcha
  8905 | Abyss:1  | Cast into level 1 of the Abyss (Erolcha)
  8968 | Abyss:1  | Reached skill level 6 in Dodging
  9110 | D:13     | Escaped the Abyss
  9125 | D:13     | Reached skill level 14 in Ranged Weapons
  9131 | D:13     | HP: 2/71 [something (21)]
  9133 | Abyss:1  | Cast into level 1 of the Abyss (Erolcha)
  9210 | Abyss:1  | HP: 13/71 [small abomination (7)]
  9211 | Abyss:1  | 9211 ||| READING 2 scrolls of teleportation.
  9215 | Abyss:1  | HP: 9/71 [raiju/living lightning (2)]
  9220 | Abyss:1  | HP: 8/71 [raiju/living lightning (2)]
  9377 | Abyss:1  | 9377 ||| Stepping randomly (disturbance).
  9378 | Abyss:1  | 9378 ||| Stepping randomly (disturbance).
  9379 | Abyss:1  | 9379 ||| Stepping randomly (disturbance).
  9380 | Abyss:1  | 9380 ||| Stepping randomly (disturbance).
  9384 | Abyss:1  | HP: 18/72 [something (9)]
  9388 | Abyss:1  | Slain by a shadow wraith

Levels and vault maps discovered:
D:1:      noname_arrival_rooms_in_the_neighbourhood, layout_basic,
          dreamdust_wishing_well, dreamdust_princess_bridge
D:2:      layout_rooms
D:3:      layout_rooms, minmay_overflow_temple_star_hex,
          shapermc_ecumenical_altar_acropolis
D:4:      minmay_angry_zag, layout_gridville, fedhas_altar_1,
          nzn_wu_jian_contemplation
D:5:      cheibrodos_thug_alley, layout_gridville,
          nicolae_overflow_hidden_temple, zin_purify,
          minmay_temple_entry_stoned_glass
D:6:      nicolae_cairo_tiling_large_dashed, layout_basic, grunt_gozag_statues,
          minmay_misc_feat_diagonals, uniq_menkaure
D:7:      layout_basic, makhleb_grotto_becter
D:8:      layout_cave_pools, tso_metal_star
D:9:      layout_basic, lemuel_tele_altar, due_lair_maze_entry_diamond,
          enter_bailey_3
D:10:     layout_small_grid, kennysheep_mini, erik_orc_2
D:13:     layout_loops_ring, serial_shops, shop, uniq_erolcha, uniq_snorg,
          uniq_lodul, uniq_kirke
Temple:   hellmonk_temple_flake
Abyss:1:  base: D:8, base: D:4, evilmike_abyss_exit_plants

Skill      XL: |  1  2  3  4  5  6  7  8  9 10 11 |
---------------+----------------------------------+-----
Ranged Weapons | 3 4 5 6 7 9 10 12 14 | 14.2
Fighting       | 2 3 4 6 7 8 10 | 10.1
Armour         | 1 2 3 4 |  4.3
Dodging        | 2 3 5 6 |  6.0
Spellcasting   | |  1.0
Hexes          | |  2.6

Action                     |  1- 3 |  4- 6 |  7- 9 | 10-12 || total
---------------------------+-------+-------+-------+-------++-------
   Fire: Sling             |   109 |   189 |   357 |       ||   655
         Orcbow            |       |       |    11 |   379 ||   390
         Arbalest          |       |       |       |    45 ||    45
    Use: Scroll            |     3 |     7 |     7 |     7 ||    24
         Potion            |       |     1 |     2 |     1 ||     4
 Armour: Robe              |     8 |       |       |    46 ||    54
         Leather armour    |     4 |    22 |       |       ||    26
         Ring mail         |       |    20 |    86 |    94 ||   200
  Dodge: Dodged            |    27 |    52 |   138 |   221 ||   438

Table legend:
 A = Non-vault XP
 B = Vault XP
 C = Vault XP percentage of total XP
 D = Non-vault monster count
 E = Vault monster count
 F = Vault count percentage of total count
                 A         B        C        D         E       F
            +---------+---------+-------+---------+---------+-------
      Total |   14541 |    2975 |  17.0 |     220 |      52 |  19.1
            +---------+---------+-------+---------+---------+-------
        D:1 |      45 |       0 |   0.0 |      24 |       0 |   0.0
        D:2 |      49 |       0 |   0.0 |      15 |       0 |   0.0
        D:3 |      52 |       0 |   0.0 |      16 |       0 |   0.0
        D:4 |     195 |      98 |  33.4 |      32 |       7 |  17.9
        D:5 |     649 |     106 |  14.0 |      18 |      11 |  37.9
        D:6 |    1132 |     169 |  13.0 |      21 |       1 |   4.5
        D:7 |     886 |      50 |   5.3 |      24 |       1 |   4.0
        D:8 |    1192 |       0 |   0.0 |       6 |       0 |   0.0
        D:9 |    3017 |    1354 |  31.0 |      30 |      15 |  33.3
       D:10 |    1729 |      97 |   5.3 |      10 |       9 |  47.4
       D:13 |     694 |    1101 |  61.3 |       3 |       8 |  72.7
    Abyss:1 |    4901 |       0 |   0.0 |      21 |       0 |   0.0
            +---------+---------+-------+---------+---------+-------
